Map: Frozen Temple

Players

PHILZBIL - Winner!

  • Race: Terran Terran
  • League: Silver
  • Spawn Location: 5:00

Fropez

  • Race: Protoss Protoss
  • League: Silver
  • Spawn Location: 11:00

VOD

Have the link to the VOD?

Description

Time

  • Played on: May 18, 2016, 10:07 a.m.
  • Length: 3:07
Show
View Real Time Build Order
Export as new Build Order

PHILZBIL Terran - Winner!

Build Orders:  

Get SALT Encoding   

  12  0:01  SCV  
  13  0:14  Supply Depot  
  14  0:21  SCV  
  14  0:33  SCV  
  15  0:38  Barracks  
  15  0:49  Barracks  
  15  1:03  Barracks  
  15  1:16  Barracks  
  15  1:23  SCV  
  16  1:28  Marine  
  17  1:40  Supply Depot  
  17  1:47  Orbital Command  
  17  1:51  Marine  
  18  1:55  Marine  
  18  1:59  Marine  
  20  2:05  Marine  
  21  2:20  Marine x3  
  24  2:23  Marine  
  25  2:37  Bunker  
  25  2:38  Marine x2  
  27  2:44  Supply Depot  
  27  2:55  Supply Depot  
Show
View Real Time Build Order
Export as new Build Order

Fropez Protoss 

Build Orders:  

Get SALT Encoding   

  12  0:01  Probe (Chrono Boost)  
  13  0:18  Pylon  
  13  0:23  Pylon  
  13  0:31  Probe (Chrono Boost)  
  13  0:33  Assimilator  
  14  0:46  Probe (Chrono Boost)  
  15  0:51  Assimilator  
  15  0:58  Gateway  
  15  1:03  Probe (Chrono Boost)  
  16  1:11  Pylon  
  16  1:13  Probe (Chrono Boost)  
  17  1:24  Probe (Chrono Boost)  
  18  1:34  Probe (Chrono Boost)  
  19  1:45  Probe (Chrono Boost)  
  19  1:47  Cybernetics Core  
  20  1:55  Probe (Chrono Boost)  
  21  2:06  Probe (Chrono Boost)  
  22  2:20  Probe (Chrono Boost)  
  23  2:24  Stargate  
  23  2:28  Stargate  
  23  2:35  Stargate  
  23  2:37  Probe (Chrono Boost)  
  24  2:47  Probe (Chrono Boost)  
  25  2:55  Pylon  
Tags
 
Matchup
PvT
Replay Pack
All Mines
Spawn Locations
Cross Positions
Add a new tag
Caveats
  • Supply blocks, unpowered buildings, or Contaminate may cause inaccurate times.
  • Supply counts are checked every 10 seconds.